 Dungeon Crawl Stone Soup version 0.31-a0-18-gea43df2a32 (webtiles) character file.

Game seed: 1264127539780705880

1358 Sabo the Covered (level 8, -2/33 (42) HPs)
             Began as a Vine Stalker Fighter on May 8, 2023.
             Was a Believer of Okawaru.
             Slain by a wight
             ... wielding a +0 spear
              (6 damage)
             ... on level 6 of the Dungeon on May 12, 2023.
             The game lasted 00:30:20 (5936 turns).

Sabo the Covered (Vine Stalker Fighter)             Turns: 5936, Time: 00:30:21

HP:   -2/33 (42)    AC: 15    Str: 21    XL:     8   Next: 64%
MP:   0/9           EV:  8    Int:  8    God:    Okawaru [**....]
Gold: 355           SH:  5    Dex: 14    Spells: 7/7 levels left

rFire   . . .        x - +4 mace (heavy)
rCold   . . .        c - +0 buckler
rNeg    . . .        r - +1 chain mail {rPois}
rPois   +            (no helmet)
rElec   .            s - +2 cloak
rCorr   .            (no gloves)
SInv    +            i - +0 pair of boots
Will    ++...        (no amulet) Stlth
                     e - ring of see invisible
HPRegen 1.05/turn    y - ring of willpower
MPRegen 0.11/turn

%: guardian spirit
@: heavily drained
A: fangs 3, regeneration 1, magic shield, antimagic bite, no potion heal 2
a: Renounce Religion, Heroism


You were on level 6 of the Dungeon.
You worshipped Okawaru.
Okawaru was pleased with you.
You visited 1 branch of the dungeon, and saw 6 of its levels.

You collected 355 gold pieces.

Inventory:

Hand Weapons
 a - a +0 war axe of venom
 h - a +0 sling
 p - a +1 scimitar of holy wrath
 x - a +4 heavy mace (weapon)
Missiles
 b - 11 poisoned darts (quivered)
 z - 12 boomerangs
 A - a throwing net
Armour
 c - a +0 buckler (worn)
 i - a +0 pair of boots (worn)
 r - a +1 chain mail of poison resistance (worn)
 s - a +2 cloak (worn)
Jewellery
 e - a ring of see invisible (left hand)
 y - a ring of willpower (right hand)
 B - a ring of flight
Scrolls
 f - a scroll of fear
 j - 3 scrolls of teleportation
 m - a scroll of blinking
 n - a scroll of fog
 o - a scroll of immolation {unknown}
 q - a scroll of silence
 t - a scroll of vulnerability {unknown}
Potions
 d - a potion of might
 g - 6 potions of curing {unknown}
 k - a potion of lignification {unknown}
 l - 2 potions of brilliance {unknown}
 u - a potion of haste
 v - a potion of cancellation {unknown}
 w - a potion of heal wounds {unknown}


   Skills:
 + Level 4.0 Fighting
 + Level 3.2 Long Blades
 + Level 3.4(4.3) Axes
 + Level 3.8(4.5) Maces & Flails
 + Level 4.7 Armour
 + Level 1.9 Dodging
 + Level 1.2 Stealth
 + Level 4.4 Shields


You had 7 spell levels left.
You didn't know any spells.
Your spell library contained the following spells:

 Spells                   Type           Power      Damage    Failure   Level
 Necrotise                Necr           0%         1d4       98%         1
 Vampiric Draining        Necr           0%         2d6       100%        3
 Agony                    Necr           0%         N/A       100%        5


Dungeon Overview and Level Annotations

Branches:
Dungeon (6/15)
 Temple: D:4-7

Altars:
Ashenzari
Elyvilon
Nemelex Xobeh
Okawaru
Trog

Shops:
D:1 *


Innate Abilities, Weirdness & Mutations

You have razor-sharp teeth.
Your natural rate of healing is unusually fast.
When hurt, damage is shared between your health and your magic reserves.
Your bite disrupts and absorbs the magic of your enemies.
Potions cannot restore your health.


Message History

You feel drained. The wight hits you with a +5 war axe.
You feel drained. You block the wight's attack. The wight barely misses you.
You block the wight's attack.
You hit the wight. You bite the wight, but do no damage.
The wight is moderately damaged.
The wight hits you from afar with a +0 spear.
You feel drained. You block the wight's attack.
The wight hits you but does no damage. The wight closely misses you.
The wight misses you. The wight hits you but does no damage.
You completely miss the wight.
The wight is moderately damaged.
You block the wight's attack. The wight hits you but does no damage.
The wight hits you with a +5 war axe.
You feel drained. The wight hits you but does no damage.
You block the wight's attack. The wight barely misses you.
Unknown command.
You hit the wight. You bite the wight! You drain its power.
You feel invigorated.
The wight is almost destroyed.
You block the wight's attack. The wight hits you but does no damage.
The wight hits you with a +5 war axe.
You feel drained.
You barely miss the wight. You bite the wight.
You destroy the wight!
Okawaru accepts your kill. The wight hits you but does no damage.
The wight closely misses you. The wight hits you with a +5 war axe.
The wight barely misses you.
You sock the wight!
The wight is severely damaged.
The wight hits you with a +5 war axe!
* * * LOW HITPOINT WARNING * * *
You feel drained.
* * * LOW HITPOINT WARNING * * *
The wight closely misses you. The wight hits you with a +5 war axe.
* * * LOW HITPOINT WARNING * * *
The wight barely misses you.
You closely miss the wight. You bite the wight, but do no damage.
The wight is severely damaged.
The wight barely misses you.
The wight hits you but does no damage. x2
The wight hits you from afar with a +0 spear!
You die...

##.......#........##)#
)'......###.......#...#
.#.....## ##......#...#
###################...#
≈≈≈≈≈≈≈≈≈≈≈≈≈≈≈≈≈≈#####≈
≈≈≈≈≈≈≈≈≈≈≈~≈≈≈≈≈≈≈~≈≈≈≈
~~~~~~~~≈≈≈~~~~~≈~~≈~~~~
~~~~~.~.~~~~~.~~..~..~.~
................@)......
.................zz.....
....################.###
##### #


You could see 2 wights.

Vanquished Creatures
  Prince Ribbit (D:6)
  2 black bears
  A phantom (D:4)
  A bullfrog (D:5)
  A scorpion (D:5)
  A wight (D:6)
  A jelly (D:5)
  An orc priest (D:4)
  A hound (D:6)
  5 iguanas
  A sleepcap (D:4)
  Terence (D:3)
  3 orc wizards
  8 adders
  7 gnolls (D:6)
  2 shadow imps
  An ufetubus (D:6)
  2 worms
  2 dart slugs
  24 orcs
  3 bats
  7 endoplasms
  4 giant cockroaches
  30 goblins
  30 hobgoblins
  11 jackals
  4 quokkas
  5 ball pythons
  3 frilled lizards
  9 kobolds
  2 rats
174 creatures vanquished.

Notes
Turn   | Place    | Note
-------+----------+-------------------------------------------
     0 | D:1      | Sabo the Vine Stalker Fighter began the quest for the Orb.
     0 | D:1      | Reached XP level 1. HP: 11/11 MP: 2/2
   108 | D:1      | Found Rexir Udos's General Store.
   119 | D:1      | Reached XP level 2. HP: 16/16 MP: 3/3
   676 | D:1      | Reached XP level 3. HP: 20/20 MP: 4/4
  1142 | D:2      | Gained mutation: Your natural rate of healing is unusually
                  | fast. [Vine Stalker growth]
  1142 | D:2      | Reached XP level 4. HP: 24/24 MP: 5/5
  1850 | D:3      | Found a faded altar of an unknown god.
  1868 | D:3      | Noticed Terence
  1885 | D:3      | Killed Terence
  1886 | D:3      | Reached XP level 5. HP: 12/28 MP: 2/6
  2003 | D:3      | Found a large runed translucent door.
  2005 | D:3      | Found a large runed translucent door.
  2107 | D:3      | Found a sparkling altar of Nemelex Xobeh.
  2569 | D:3      | Found a white marble altar of Elyvilon.
  2591 | D:3      | Found an iron altar of Okawaru.
  2598 | D:3      | Became a worshipper of Warmaster Okawaru
  2789 | D:4      | Reached skill level 1 in Long Blades
  2789 | D:4      | Reached XP level 6. HP: 31/32 MP: 5/7
  2877 | D:4      | Reached skill level 1 in Stealth
  2950 | D:4      | Noticed a black bear
  2966 | D:4      | Killed a black bear
  3226 | D:4      | Found a bloodstained altar of Trog.
  3249 | D:4      | Found a broken altar of Ashenzari.
  3359 | D:4      | Reached * piety under Okawaru
  3360 | D:4      | Reached XP level 7. HP: 36/36 MP: 6/8
  3865 | D:5      | Entered Level 5 of the Dungeon
  3903 | D:5      | Reached skill level 1 in Dodging
  4264 | D:5      | Reached skill level 1 in Maces & Flails
  4854 | D:6      | Gained mutation: You have razor-sharp teeth. [Vine Stalker
                  | growth]
  4854 | D:6      | Reached XP level 8. HP: 41/42 MP: 7/9
  4955 | D:6      | Noticed Prince Ribbit
  4984 | D:6      | Killed Prince Ribbit
  4984 | D:6      | Reached ** piety under Okawaru
  5862 | D:6      | Upgraded the game from 0.31-a0-16-g6d2539766c to
                  | 0.31-a0-18-gea43df2a32
  5936 | D:6      | Slain by a wight

Illustrated notes

Levels and vault maps discovered:
D:1:      minmay_arrival_three_doors, layout_loops_ring, serial_shops,
          nicolae_shop_stone
D:2:      layout_loops_corners, serial_bayou_lagoon_a
D:3:      layout_loops_ring, general_overflow_altar, jmf_multi_god_temple2,
          dreamdust_ecumenical_altar_statues, uniq_terence
D:4:      layout_basic, nicolae_ashenzari_panopticon, bloody_trog
D:5:      layout_gridville
D:6:      minmay_goblin_kobold_castle, layout_loops_cross, uniq_prince_ribbit1

Skill      XL: |  1  2  3  4  5  6  7  8 |
---------------+-------------------------+-----
Axes           | 2 3 |  3.4
Fighting       | 3 4 |  4.0
Shields        | 3 4 |  4.4
Armour         | 3 4 |  4.7
Long Blades    | 1 2 3 |  3.2
Stealth        | 1 |  1.2
Dodging        | 1 |  1.9
Maces & Flails | 1 3 |  3.8

Action                     |  1- 3 |  4- 6 |  7- 9 || total
---------------------------+-------+-------+-------++-------
  Melee: War axe           |    65 |    22 |       ||    87
         Bite              |    20 |    29 |    47 ||    96
         Scimitar          |       |   101 |     2 ||   103
         Mace              |       |       |   193 ||   193
    Use: Scroll            |       |     4 |     6 ||    10
         Potion            |       |     1 |       ||     1
 Armour: Scale mail        |    25 |    22 |       ||    47
         Chain mail        |       |    65 |   248 ||   313
  Dodge: Dodged            |    28 |    62 |   162 ||   252
  Block: Buckler           |    19 |    29 |   101 ||   149

Table legend: (Time is in decaauts)
 A = Elapsed time spent in this place.
 B = Non-inter-level travel time spent in this place.
 C = Inter-level travel time spent in this place.
 D = Time resting spent in this place.
 E = Time spent auto-exploring this place.
 F = Levels seen in this place.
 G = Mean time per level.
                   A        B        C        D        E       F      G
               +--------+--------+--------+--------+--------+-----+--------+
         Total |   6188 |   6188 |      0 |    809 |      0 |   6 | 1031.3 |
       Dungeon |   6188 |   6188 |      0 |    809 |      0 |   6 | 1031.3 |
               +--------+--------+--------+--------+--------+-----+--------+

Top non-repeatable levels by time:
     D:4: 1255 daAuts
     D:6: 1236 daAuts
     D:2: 1112 daAuts
     D:5: 1002 daAuts
     D:3: 806 daAuts
     D:1: 775 daAuts
